 Dungeon Crawl Stone Soup version 0.29-a0-732-g3d7fbe0af2 (webtiles) character file.

Game seed: 17586054806219945516

42855 jifgo the Skirmisher (level 13, 0/69 HPs)
             Began as a Spriggan Arcane Marksman on June 26, 2022.
             Was the Champion of Fedhas.
             Slain by a komodo dragon (22 damage)
             ... on level 6 of the Lair of Beasts on June 29, 2022.
             The game lasted 02:22:17 (31536 turns).

jifgo the Skirmisher (Spriggan Arcane Marksman)    Turns: 31536, Time: 02:22:18

Health: 0/69       AC:  6    Str:  6    XL:     13   Next: 87%
Magic:  0/29       EV: 25    Int: 20    God:    Fedhas [******]
Gold:   1164       SH:  0    Dex: 19    Spells: 17/34 levels left

rFire   . . .      SeeInvis +   a - +1 shortbow (elec)
rCold   + + .      Faith    .   (shield currently unavailable)
rNeg    . . .      Spirit   +   y - +1 robe of Utirausm {Regen+ Int+4}
rPois   .          Reflect  .   (helmet restricted)
rElec   .          Harm     .   O - +2 cloak
rCorr   .          Rampage  .   (gloves unavailable)
Will    ++...                   (boots unavailable)
Stlth   +++++.....              s - amulet of guardian spirit
HPRegen 1.01/turn               H - ring of protection from cold
MPRegen 0.21/turn               L - ring of protection from cold

@: about to teleport, very quick
A: very small, no large weapons, unfitting armour, see invisible, speed 3
a: Renounce Religion, Wall of Briars, Grow Ballistomycete, Overgrow, Grow Oklob


You were on level 6 of the Lair of Beasts.
You worshipped Fedhas.
Fedhas was exalted by your worship.
You visited 3 branches of the dungeon, and saw 18 of its levels.
You also visited: Sewer.

You collected 1164 gold pieces.

Inventory:

Hand Weapons
 a - a +1 shortbow of electrocution (weapon)
 b - a +3 short sword
 c - the +3 flail of Idiodgh {elec, Will+}
   (You found it on level 3 of the Lair of Beasts)

   It occasionally discharges a powerful burst of electricity upon striking a
   foe.
   Will:      It increases your willpower.
 P - a +0 arbalest
 T - the +0 falchion of Armageddon {antimagic, Drain rF++ rCorr Int-2}
   (You found it on level 10 of the Dungeon)

   It reduces the magical energy of the wielder, and disrupts the spells and
   magical abilities of those it strikes.
   Natural abilities and divine invocations are not affected.
   Int:       It affects your intelligence (-2).
   rF:        It greatly protects you from fire.
   rCorr:     It protects you from acid and corrosion.
   Drain:     It drains your maximum health when unequipped.
Missiles
 h - 6 boomerangs of dispersal
 n - 55 poisoned darts
 u - 14 boomerangs
 B - 2 datura-tipped darts
 G - a curare-tipped dart
Armour
 y - the +1 robe of Utirausm (worn) {Regen+ Int+4}
   (You found it on level 7 of the Dungeon)

   Int:       It affects your intelligence (+4).
   Regen:     It increases your rate of health regeneration.
 F - a +0 buckler
 M - +0 acid dragon scales
 O - a +2 cloak (worn)
Jewellery
 s - an amulet of guardian spirit (around neck)
 H - a ring of protection from cold (left hand)
 L - a ring of protection from cold (right hand)
Wands
 f - a wand of flame (46)
 t - a wand of mindburst (6)
 C - a wand of paralysis (2)
 N - a wand of iceblast (13)
Scrolls
 d - a scroll of magic mapping {unknown}
 j - 5 scrolls of amnesia
 k - 8 scrolls of teleportation
 v - 3 scrolls of identify
 x - a scroll of torment {unknown}
 D - a scroll of enchant weapon
 I - 2 scrolls of poison
 K - 5 scrolls of vulnerability
 Q - 2 scrolls of immolation
 R - 3 scrolls of enchant armour
 S - 3 scrolls of blinking
 V - 7 scrolls of fear
 Y - 2 scrolls of fog
Potions
 e - 5 potions of brilliance
 g - 4 potions of heal wounds
 i - 3 potions of attraction
 l - a potion of ambrosia
 m - 8 potions of curing
 o - 8 potions of haste
 p - 3 potions of berserk rage
 q - 2 potions of might
 r - 6 potions of mutation
 w - 3 potions of cancellation
 z - 2 potions of magic {unknown}
 A - 2 potions of flight {unknown}
 E - a potion of lignification
 Z - a potion of resistance {unknown}
Miscellaneous
 X - a tin of tremorstones (inert)


   Skills:
 + Level 8.7 Fighting
 + Level 13.2 Ranged Weapons
 + Level 11.0 Dodging
 - Level 11.0 Stealth
 - Level 11.0 Spellcasting
 - Level 6.0 Hexes
 - Level 9.1 Translocations
 + Level 10.6 Invocations
 - Level 5.0 Evocations


You had 17 spell levels left.
You knew the following spells:

 Your Spells              Type           Power      Damage    Failure   Level
a - Slow                  Hex            100%       N/A       1%          1
b - Passwall              Tmut/Erth      9%         N/A       10%         2
c - Cause Fear            Hex            17%        N/A       5%          4
d - Teleport Other        Tloc           47%        N/A       1%          3
f - Inner Flame           Hex/Fire       23%        N/A       5%          3
i - Apportation           Tloc           94%        N/A       1%          1
x - Portal Projectile     Hex/Tloc       82%        N/A       1%          3

Your spell library contained the following spells:

 Spells                   Type           Power      Damage    Failure   Level
 Gell's Gravitas          Tloc           47%        N/A       1%          3
 Lesser Beckoning         Tloc           47%        N/A       1%          3
 Ensorcelled Hibernation  Hex/Ice        46%        N/A       2%          2
 Foxfire                  Conj/Fire      44%        2x1d6     6%          1
 Magic Dart               Conj           44%        1d5       6%          1
 Necrotize                Necr           44%        1d6       6%          1
 Sandblast                Erth           22%        2d7       6%          1
 Sting                    Tmut/Pois      44%        1d5       6%          1
 Summon Small Mammal      Summ           44%        N/A       6%          1
 Poisonous Vapours        Pois/Air       22%        N/A       10%         2
 Searing Ray              Conj           22%        2d5       10%         2
 Sublimation of Blood     Necr           11%        N/A       10%         2
 Iskenderun's Mystic Bla  Conj/Tloc      29%        2d7       10%         4
 Conjure Flame            Conj/Fire      11%        6-21      19%         3
 Spider Form              Tmut/Pois      11%        N/A       19%         3
 Stone Arrow              Conj/Erth      22%        3d8       19%         3
 Swiftness                Air            11%        N/A       19%         3
 Anguish                  Hex/Necr       11%        N/A       19%         4
 Fulminant Prism          Conj/Hex       11%        3d9       19%         4
 Dispersal                Tloc           23%        N/A       22%         6
 Flame Wave               Conj/Fire      11%        2d5       52%         4
 Hailstorm                Conj/Ice       11%        3d5       52%         4
 Ice Form                 Ice/Tmut       11%        N/A       52%         4
 Olgreb's Toxic Radiance  Pois           11%        N/A       52%         4
 Petrify                  Tmut/Erth      11%        N/A       52%         4
 Irradiate                Conj/Tmut      5%         3d15      86%         5
 Lee's Rapid Deconstruct  Erth           5%         3d7*      86%         5
 Simulacrum               Ice/Necr       5%         N/A       100%        6


Dungeon Overview and Level Annotations

Branches:
Dungeon (11/15)            Temple (1/1) D:4            Lair (6/6) D:9
  Swamp (0/4) Lair:4        Snake (0/4) Lair:2          Orc (0/2) D:11
  Sewer (visited)
  Slime: Lair:5-6

Altars:
Ashenzari
Cheibriados
Dithmenos
Elyvilon
Fedhas
Gozag
Hepliaklqana
Kikubaaqudgha
Makhleb
Nemelex Xobeh
Okawaru
Qazlal
Ru
Sif Muna
Trog
Uskayaw
Vehumet
Wu Jian
Xom
Yredelemnul
Zin
The Shining One

Shops:
D:4 (

Portals:
Trove: D:11 (give +3 storm dragon scales)

Annotations:
D:8 1 runed translucent door, moldycheese5's ghost, novice DsBe


Innate Abilities, Weirdness & Mutations

You are very small and have problems with some larger weapons.
You are too small for most types of armour.
You have supernaturally acute eyesight. (SInv)
You cover ground extremely quickly. (Speed+++)


Message History

The elephant is engulfed in blazing flames. x2
Fedhas appreciates your contribution to the ecosystem.
The elephant explodes!
The fiery explosion engulfs you!!
The fiery explosion engulfs the elephant!!!
Fedhas appreciates your contribution to the ecosystem.
The fiery explosion engulfs the wolf!!
You kill the wolf!
Fedhas appreciates your contribution to the ecosystem.
The fiery explosion engulfs the komodo dragon.
The komodo dragon is lightly wounded.
The elephant explodes!
The fiery explosion engulfs you!!!
* * * LOW HITPOINT WARNING * * *
The fiery explosion engulfs the komodo dragon!!
The komodo dragon is heavily wounded.
The tree burns like a torch!
You feel a little guilty.
The wolf howls!
You hear a roar!
You hear an angry hiss. x2
You hear a deafening roar!
Your Dodging skill increases to level 11!
Unknown command.
Unknown command.
Unknown command.
A wolf comes into view.
The komodo dragon completely misses you.
The lindwurm breathes flames at you. The blast of flame misses you.
The yak is engulfed in blazing flames.
Unknown command.
The elephant is engulfed in blazing flames.
Unknown command.
As you read the scroll of teleportation, it crumbles to dust.
You feel strangely unstable.
The water moccasin hisses angrily.
The yak is engulfed in blazing flames.
You kill the yak!
Fedhas appreciates your contribution to the ecosystem.
Unknown command.
The komodo dragon bites you!!
You die...
Fedhas appreciates your contribution to the ecosystem.

.........
........♣♣
.........♣
....°....♣♣♣
.†..☼....§§♣♣ ♣.
...§..Y<§§§§♣♣♣♣...
...°§☼§Y§§.........
.†.Y☼☼.§.§...k.....
..
...°☼.○§§§l@.......
...
...§...............
...
........h..........
...
........h...B......
...
......h......°°....
.[.
..............°...
l..
.............S...
...
................
... ...............
...


You could see a boulder beetle (rolling), an elephant, a lindwurm, a komodo
dragon, a yak, a water moccasin and 3 wolves.

Vanquished Creatures
  2 hydras (Lair:4)
  4 two-headed ogres
  6 death yaks
  Pikel (D:8)
  8 elephants
  Maurice (D:10)
  4 black mambas
  A torpor snail (Lair:3)
  6 rime drakes
  A kobold demonologist (D:11)
  16 cane toads
  13 komodo dragons
  An unseen horror (D:10)
  A troll (D:10)
  20 blink frogs
  Sigmund (D:3)
  A shadow (D:7)
  3 wyverns
  37 yaks
  6 basilisks
  3 vampire mosquitoes
  A steam dragon (D:10)
  Menkaure (D:5)
  3 nagas (Lair:2)
  A warg (D:11)
  A swamp worm (Lair:4)
  2 acid dragons (D:9)
  22 water moccasins
  9 orc warriors
  5 black bears
  Duvessa (D:4)
  2 ice beasts
  4 ogres
  A centaur (D:8)
  8 wolves
  2 lemures (D:9)
  A phantom (D:6)
  4 kobold brigands
  11 bullfrogs
  A necrophage (D:6)
  2 scorpions
  9 wights
  Dowan (D:4)
  4 killer bees
  6 electric eels (Lair:3)
  Crazy Yiuf (D:3)
  2 hounds
  4 orc priests
  4 jellies
  5 iguanas (D:6)
  14 orc wizards
  3 hell rats
  7 gnolls
  11 adders
  8 river rats
  A shadow imp (D:7)
  2 white imps
  An ufetubus (D:6)
  A worm (D:3)
  5 dart slugs
  31 orcs
  17 ball pythons
  6 bats
  7 endoplasms
  5 giant cockroaches
  9 hobgoblins
  4 jackals (D:4)
  35 kobolds
  8 quokkas
  2 frilled lizards
  9 goblins
  33 rats
473 creatures vanquished.

Vanquished Creatures (collateral kills)
  A black mamba (Lair:6)
  29 ballistomycete spores
30 creatures vanquished.

Vanquished Creatures (others)
  An oklob plant (Lair:4)
  3 ballistomycete spores
  14 bushes (Lair:3)
  71 fungi
  159 plants
248 creatures vanquished.

Grand Total: 751 creatures vanquished

Notes
Turn   | Place    | Note
-------+----------+-------------------------------------------
     0 | D:1      | jifgo the Spriggan Arcane Marksman began the quest for the
                  | Orb.
     0 | D:1      | Reached XP level 1. HP: 9/9 MP: 3/3
     3 | D:1      | Noticed an electric eel
     4 | D:1      | Noticed an electric eel
   233 | D:1      | Reached skill level 1 in Fighting
   247 | D:1      | Reached skill level 1 in Stealth
   247 | D:1      | Reached XP level 2. HP: 14/14 MP: 5/5
  1266 | D:1      | Found a faded altar of an unknown god.
  1315 | D:2      | Found a snail-covered altar of Cheibriados.
  1444 | D:2      | Reached XP level 3. HP: 18/18 MP: 7/7
  1807 | D:2      | Reached skill level 3 in Ranged Weapons
  2098 | D:3      | Noticed Sigmund
  2264 | D:3      | Learned a level 3 spell: Inner Flame
  2330 | D:3      | Reached XP level 4. HP: 22/22 MP: 8/8
  2368 | D:3      | Found a runed translucent door.
  2369 | D:3      | Noticed Crazy Yiuf
  2433 | D:3      | Killed Crazy Yiuf
  2462 | D:3      | Learned a level 3 spell: Portal Projectile
  2964 | D:4      | Reached XP level 5. HP: 26/26 MP: 9/9
  2980 | D:4      | Noticed an ogre
  3067 | D:4      | Killed an ogre
  3068 | D:4      | Reached skill level 4 in Ranged Weapons
  3570 | D:4      | Reached XP level 6. HP: 19/32 MP: 10/10
  3728 | D:4      | Noticed Duvessa
  3728 | D:4      | Noticed Dowan
  3818 | D:4      | Found a blossoming altar of Fedhas.
  3825 | D:4      | Became a worshipper of Fedhas Madash
  3950 | D:4      | Found a bloodstained altar of Trog.
  4089 | D:4      | Found a staircase to the Ecumenical Temple.
  4140 | Temple   | Entered the Ecumenical Temple
  4282 | D:4      | Found Osisy's Weapon Shoppe.
  4341 | D:4      | Reached skill level 5 in Stealth
  4341 | D:4      | Reached skill level 1 in Invocations
  4604 | D:5      | Entered Level 5 of the Dungeon
  4716 | D:5      | Found a sparkling altar of Nemelex Xobeh.
  4716 | D:5      | Found an opulent altar of Gozag.
  4883 | D:5      | Found a glowing drain.
  4906 | D:5      | Reached * piety under Fedhas
  4952 | Sewer    | Entered a sewer
  5018 | Sewer    | Reached skill level 5 in Ranged Weapons
  5946 | Sewer    | Reached XP level 7. HP: 26/35 MP: 3/11
  5996 | Sewer    | Reached ** piety under Fedhas
  6482 | D:5      | Noticed Menkaure
  7124 | D:5      | Killed Menkaure
  7125 | D:5      | Reached skill level 6 in Ranged Weapons
  7778 | D:4      | Killed Duvessa
  8060 | D:4      | Killed Dowan
  8061 | D:4      | Reached XP level 8. HP: 26/39 MP: 12/12
  8429 | D:6      | Upgraded the game from 0.29-a0-717-g6dac4ea423 to
                  | 0.29-a0-721-g7f417c9bbb
  8796 | D:6      | Reached skill level 1 in Translocations
  8813 | D:6      | Found a shimmering blue altar of Sif Muna.
  8935 | D:6      | Found a glowing silver altar of Zin.
  9116 | D:6      | Learned a level 2 spell: Passwall
 10018 | D:6      | Reached *** piety under Fedhas
 10390 | D:6      | Reached skill level 7 in Ranged Weapons
 10911 | D:6      | Reached XP level 9. HP: 44/44 MP: 13/15
 11065 | D:7      | Identified the +1 robe of Utirausm {Regen+ Int+4}
 11432 | D:7      | Reached skill level 5 in Hexes
 11724 | D:6      | Reached skill level 1 in Evocations
 12778 | D:7      | Reached skill level 5 in Invocations
 14038 | D:8      | Noticed moldycheese5's ghost (novice DsBe)
 14039 | D:8      | Found a runed translucent door.
 14052 | D:8      | Noticed a two-headed ogre
 14214 | D:8      | Reached skill level 5 in Translocations
 14407 | D:8      | Identified the +1 leather armour of Melancholy {Rampage Fly
                  | rN+ Dex-5}
 15099 | D:8      | Learned a level 4 spell: Cause Fear
 15186 | D:8      | Reached **** piety under Fedhas
 15688 | D:8      | Reached skill level 10 in Stealth
 15688 | D:8      | Reached skill level 5 in Spellcasting
 15856 | D:8      | Reached skill level 8 in Ranged Weapons
 15856 | D:8      | Reached XP level 10. HP: 46/50 MP: 7/18
 16410 | D:3      | Killed Sigmund
 16720 | D:9      | Noticed a two-headed ogre
 16744 | D:9      | Found a staircase to the Lair.
 16984 | D:8      | Killed a two-headed ogre
 17884 | D:8      | Learned a level 3 spell: Teleport Other
 18062 | D:9      | Noticed Pikel
 18173 | D:8      | Killed Pikel
 18908 | D:9      | Killed a two-headed ogre
 19412 | D:10     | Entered Level 10 of the Dungeon
 19461 | D:10     | Reached skill level 5 in Fighting
 19466 | D:10     | Reached skill level 9 in Ranged Weapons
 19475 | D:10     | Noticed a two-headed ogre
 19481 | D:10     | Killed a two-headed ogre
 19482 | D:10     | Reached XP level 11. HP: 56/56 MP: 8/22
 19626 | D:10     | Found a hide-covered altar of Uskayaw.
 19803 | D:10     | Noticed Maurice
 19856 | D:10     | Killed Maurice
 20174 | D:10     | Reached ***** piety under Fedhas
 20556 | D:10     | Identified the +0 falchion of Armageddon {antimagic, Drain
                  | rF++ rCorr Int-2}
 20591 | D:11     | Found a portal to a secret trove of treasure.
 20888 | D:11     | Noticed a two-headed ogre
 21174 | D:11     | Killed a two-headed ogre
 21896 | D:11     | Found a staircase to the Orcish Mines.
 22092 | Lair:1   | Entered Level 1 of the Lair of Beasts
 22111 | Lair:1   | Reached skill level 10 in Ranged Weapons
 22123 | Lair:1   | Reached skill level 5 in Dodging
 23557 | Lair:2   | Found a staircase to the Snake Pit.
 24312 | Lair:2   | Reached XP level 12. HP: 62/62 MP: 10/25
 25311 | Lair:3   | Reached skill level 5 in Evocations
 25633 | Lair:3   | Noticed a death yak
 25657 | Lair:3   | Reached skill level 11 in Ranged Weapons
 26471 | Lair:3   | Killed a death yak
 26639 | Lair:3   | Identified the +3 flail of Idiodgh {elec, Will+}
 27358 | Lair:4   | Noticed a five-headed hydra
 27370 | Lair:4   | Killed a five-headed hydra
 27399 | Lair:4   | Noticed a four-headed hydra
 27410 | Lair:4   | Killed a four-headed hydra
 27745 | Lair:4   | Learned a level 1 spell: Apportation
 27891 | Lair:4   | Reached skill level 12 in Ranged Weapons
 28255 | Lair:4   | Reached XP level 13. HP: 58/68 MP: 10/27
 28717 | Lair:4   | Found a staircase to the Swamp.
 29463 | Lair:4   | Upgraded the game from 0.29-a0-721-g7f417c9bbb to
                  | 0.29-a0-723-gce39da1c22
 29574 | Lair:4   | Upgraded the game from 0.29-a0-723-gce39da1c22 to
                  | 0.29-a0-732-g3d7fbe0af2
 29734 | Lair:5   | Reached skill level 10 in Spellcasting
 30071 | Lair:5   | Reached ****** piety under Fedhas
 30283 | Lair:5   | Reached skill level 10 in Invocations
 30450 | Lair:5   | Reached skill level 10 in Dodging
 30501 | Lair:6   | Entered Level 6 of the Lair of Beasts
 31527 | Lair:6   | Reached skill level 13 in Ranged Weapons
 31536 | Lair:6   | Slain by a komodo dragon

Illustrated notes

Levels and vault maps discovered:
D:1:      arrival_aquarium_b, layout_basic, shapermc_ecumenical_altar_hornbeckon
D:2:      layout_loops_ring, basic_altar, nicolae_elevator_lobby_asterisk
D:3:      layout_loops_ring, uniq_crazy_yiuf_cottage, uniq_sigmund
D:4:      layout_loops_ring, fedhas_altar_fruit_tree, trog_antimagical,
          minmay_temple_entry_large_hall, serial_shops, shop, uniq_duvessa
D:5:      layout_basic, grunt_temple_overflow_opulence, gup_sewer_entry_pipe,
          grunt_decor_arrowhead, uniq_menkaure
D:6:      minmay_chambers_of_threes, layout_gridville,
          kennysheep_orc_sif_temple, lemuel_tele_altar
D:7:      layout_rooms, serial_glass, glass_columns_a, glass_columns_b
D:8:      layout_gridville, hellmonk_ghost_big_iron,
          nicolae_figureground_sparkle
D:9:      layout_loops_cross, dpeg_oklobed_lair, uniq_pikel
D:10:     layout_long_grid, mainiacjoe_overflow_chevrons, serial_glass,
          glass_columns_a, glass_columns_c, item_on_display_a, feat_on_display,
          feat_on_display, minmay_strange_pillars, uniq_maurice
D:11:     layout_long_grid, david_orc_1_choice, nicolae_trove_entry_free_sample,
          serial_glass, glass_columns_b, glass_columns_a,
          minmay_strange_pillars, feat_on_display, minmay_strange_pillars,
          minmay_strange_pillars, bh_walls_and_bars
Temple:   regret_index_temple_waves
Lair:1:   layout_hall_layers, chequers_serial_rivers_large_b, grunt_megastairs_5
Lair:2:   layout_chaotic_city, guppyfry_snake_entry_garden
Lair:3:   layout_regular_city, serial_bayou_ford_a,
          chequers_serial_rivers_micro_e, minmay_hedge_maze,
          kennysheep_abandoned_house, serial_bayou_shore_a
Lair:4:   layout_regular_city, minmay_swamp_entry_worms, beast_lair_carwin_1
Lair:5:   layout_long_grid
Lair:6:   evil_forest, layout_regular_city, slime_entry_1, pond,
          serial_bayou_shore_b

Skill      XL: |  1  2  3  4  5  6  7  8  9 10 11 12 13 |
---------------+----------------------------------------+-----
Fighting       | 1 2 3 4 5 6 7 8 |  8.7
Stealth        | 1 2 3 4 6 7 8 10 11 | 11.0
Dodging        | 3 4 6 9 11 | 11.0
Spellcasting   | 2 3 5 6 8 9 11 | 11.0
Ranged Weapons | 3 4 5 6 7 8 9 10 12 13 | 13.2
Invocations    | 2 3 4 5 6 8 9 10 | 10.6
Translocations | 3 5 7 9 |  9.1
Hexes          | 4 6 |  6.0
Evocations     | 3 4 5 |  5.0

Action                   |  1- 3 |  4- 6 |  7- 9 | 10-12 | 13-15 || total
-------------------------+-------+-------+-------+-------+-------++-------
Melee: Short sword       |       |    13 |     3 |       |       ||    16
       Dagger            |       |       |    32 |       |       ||    32
       Punch             |       |       |     1 |       |       ||     1
 Fire: Sling             |   172 |   313 |   837 |    77 |       ||  1399
       Shortbow          |       |       |       |   676 |   319 ||   995
Throw: Dart              |       |     9 |    30 |     4 |       ||    43
       Boomerang         |       |     1 |       |     1 |     1 ||     3
 Cast: Slow              |     1 |       |     3 |    16 |       ||    20
       Portal Projectile |       |       |    53 |    83 |    16 ||   152
       Inner Flame       |       |       |       |    47 |    23 ||    70
       Cause Fear        |       |       |       |     4 |       ||     4
       Passwall          |       |       |       |     2 |       ||     2
       Apportation       |       |       |       |     1 |       ||     1
Invok: Grow Ballistomyce |       |       |     2 |     7 |       ||     9
       Wall of Briars    |       |       |     1 |     2 |     2 ||     5
Evoke: Wand              |       |       |    16 |     3 |     2 ||    21
       Tin of tremorston |       |       |       |       |     2 ||     2
  Use: Scroll            |       |     7 |     4 |    13 |     2 ||    26
       Potion            |       |       |     1 |       |       ||     1
Armor: Robe              |    10 |    18 |    31 |    28 |     3 ||    90
Dodge: Dodged            |    56 |   132 |   280 |   232 |    88 ||   788

Table legend: (Time is in decaauts)
 A = Elapsed time spent in this place.
 B = Non-inter-level travel time spent in this place.
 C = Inter-level travel time spent in this place.
 D = Time resting spent in this place.
 E = Time spent auto-exploring this place.
 F = Levels seen in this place.
 G = Mean time per level.
                   A        B        C        D        E       F      G
               +--------+--------+--------+--------+--------+-----+--------+
         Total |  24834 |  23518 |   1316 |   9637 |   5522 |  19 | 1307.1 |
       Dungeon |  15984 |  14840 |   1144 |   5651 |   3387 |  11 | 1453.1 |
        Temple |     77 |     67 |     10 |      0 |     57 |   1 |   77.0 |
          Lair |   7490 |   7329 |    161 |   3334 |   1969 |   6 | 1248.3 |
         Sewer |   1281 |   1281 |      0 |    651 |    107 |   1 | 1281.0 |
               +--------+--------+--------+--------+--------+-----+--------+

Top non-repeatable levels by time:
     D:8: 2538 daAuts
     D:6: 2283 daAuts
     D:7: 2223 daAuts
  Lair:4: 2008 daAuts
  Lair:3: 1744 daAuts
     D:4: 1695 daAuts
     D:5: 1587 daAuts
     D:9: 1293 daAuts
   Sewer: 1281 daAuts
  Lair:1: 1135 daAuts
    D:10: 1118 daAuts
  Lair:2: 1112 daAuts
     D:1: 951 daAuts
    D:11: 904 daAuts
  Lair:5: 872 daAuts
